 Dungeon Crawl Stone Soup version 0.27.0-1-g7a089689b8 (webtiles) character file.

Game seed: 7147572793737452785

4115 Sobieck the Magician (level 10, 0/77 HPs)
             Began as a Gnoll Warper on Aug 8, 2021.
             Killed from afar by Erica (15 damage)
             ... with an iceblast
             ... on level 8 of the Dungeon on Aug 9, 2021.
             The game lasted 00:26:44 (9979 turns).

Sobieck the Magician (Gnoll Warper)                 Turns: 9979, Time: 00:26:45

Health: 0/77       AC:  6    Str: 16    XL:     10   Next: 26%
Magic:  20/20      EV: 14    Int: 15    God:
Gold:   350        SH:  0    Dex: 12    Spells: 7/23 levels left

rFire    . . .     SeeInvis .   a - +4 whip (venom) {mace}
rCold    + . .     Faith    .   (no shield)
rNeg     . . .     Spirit   .   n - +0 leather armour
rPois    .         Reflect  .   u - +0 hat of the Griffon {Str+5}
rElec    .         Harm     .   Y - +1 cloak {Stlth+}
rCorr    .         Rampage  .   (no gloves)
Will     .....                  (no boots)
Stlth    ++++......             l - amulet of regeneration {@e2}
HPRegen  1.22/turn              x - ring of protection from cold
MPRegen  0.17/turn              C - ring of wizardry

@: lethally poisoned (0 -> 0)
A: fangs 1, strong nose, distributed training
a: no special abilities


You were on level 8 of the Dungeon.
You visited 2 branches of the dungeon, and saw 9 of its levels.

You collected 350 gold pieces.


Innate Abilities, Weirdness & Mutations

You have very sharp teeth.
Your uncanny sense of smell can sniff out nearby items.
Your experience applies equally to all skills.


   Skills:
 + Level 6.9 Fighting
 + Level 5.1 Short Blades
 + Level 5.1 Long Blades
 + Level 5.1 Axes
 + Level 5.1 Maces & Flails
 + Level 6.9 Polearms
 + Level 5.1 Staves
 + Level 5.1 Slings
 + Level 5.1 Bows
 + Level 5.1 Crossbows
 + Level 5.8 Throwing
 + Level 5.8 Armour
 + Level 6.9 Dodging
 + Level 5.1 Stealth
 + Level 5.1 Shields
 + Level 5.1 Unarmed Combat
 + Level 7.2 Spellcasting
 + Level 4.2 Conjurations
 + Level 4.2 Hexes
 + Level 4.2 Summonings
 + Level 4.2 Necromancy
 + Level 7.0 Translocations
 + Level 4.2 Transmutations
 + Level 4.2 Fire Magic
 + Level 4.2 Ice Magic
 + Level 4.2 Air Magic
 + Level 4.2 Earth Magic
 + Level 4.2 Poison Magic
 + Level 5.6 Invocations
 + Level 5.1 Evocations


You had 7 spell levels left.
You knew the following spells:

 Your Spells              Type           Power      Damage    Failure   Level
a - Blink                 Tloc           N/A        N/A       1%          2
b - Teleport Other        Tloc           26%        N/A       1%          3
c - Manifold Assault      Tloc           26%        N/A       10%         5
d - Gell's Gravitas       Tloc           13%        N/A       1%          3
e - Lesser Beckoning      Tloc           13%        N/A       1%          3

Your spell library contained the following spells:

 Spells                   Type           Power      Damage    Failure   Level
 Beastly Appendage        Tmut           36%        N/A       1%          1
 Magic Dart               Conj           72%        1d6       1%          1
 Call Imp                 Summ           18%        N/A       1%          2
 Wereblood                Tmut           18%        N/A       1%          2
 Mephitic Cloud           Conj/Pois/Air  18%        N/A       3%          3
 Spider Form              Tmut/Pois      9%         N/A       3%          3
 Storm Form               Tmut/Air       9%         N/A       100%        7

Inventory:

Hand Weapons
 a - a +4 whip of venom (weapon) {mace}
   (You took it off a kobold on level 2 of the Dungeon)
 b - a +0 hunting sling {sling}
   (You found it on level 1 of the Dungeon)
 s - a +0 battleaxe {axe}
   (You took it off an orc warrior on level 8 of the Dungeon)
Missiles
 d - 5 boomerangs of dispersal (quivered) {=f!fthrowing}
 e - 49 sling bullets
 g - 330 stones {throwing}
 o - 8 silver javelins {throwing}
 q - 4 boomerangs {throwing}
 v - 66 poisoned darts {throwing}
 y - 55 bolts
 F - 136 arrows
 N - 2 curare-tipped darts {=fthrowing}
Armour
 m - a scarf of invisibility
   (You found it on level 1 of the Dungeon)
 n - a +0 leather armour (worn)
 p - a +0 cloak
   (You found it on level 2 of the Dungeon)
 r - a scarf of resistance
   (You found it on level 2 of the Dungeon)
 u - the +0 hat of the Griffon (worn) {Str+5}
   (You found it on level 8 of the Dungeon)

   Str:       It affects your strength (+5).
 H - the +2 plate armour of Xom's Hope {rElec rC+}
   (You found it on level 5 of the Dungeon)

   rC:        It protects you from cold.
   rElec:     It insulates you from electricity.
 U - a +0 helmet
   (You found it on level 7 of the Dungeon)
 Y - a +1 cloak of stealth (worn)
   (You took it off Maurice on level 8 of the Dungeon)
Magical Staves
 M - a staff of earth {!astaff}
   (You found it on level 6 of the Dungeon)
Jewellery
 l - an amulet of regeneration (around neck) {@e2}
   (You found it on level 1 of the Dungeon)
 x - a ring of protection from cold (left hand)
   (You found it on level 3 of the Dungeon)
 C - a ring of wizardry (right hand)
   (You found it on level 4 of the Dungeon)
 I - the amulet "Latoimem" {Reflect Int+3 SH+5}
   (You acquired it on level 7 of the Dungeon)

   [amulet of reflection]

   It reflects blocked missile attacks.
   Int:       It affects your intelligence (+3).
   SH:        It affects your SH (+5).
 J - a ring of positive energy
   (You found it on level 6 of the Dungeon)
 S - a ring of positive energy
   (You took it off an orc priest on level 7 of the Dungeon)
 V - a ring of resist corrosion
   (You found it on level 7 of the Dungeon)
Wands
 w - a wand of flame (25)
   (You took it off a goblin on level 3 of the Dungeon)
 W - a wand of polymorph (20)
   (You found it on level 7 of the Dungeon)
 X - a wand of paralysis (5)
   (You found it on level 7 of the Dungeon)
 Z - a wand of charming (14)
   (You took it off Maurice on level 8 of the Dungeon)
Scrolls
 c - 2 scrolls of blinking {!r}
 h - a scroll of vulnerability {!r!r}
 j - a scroll of teleportation {@r4}
 A - 3 scrolls of amnesia
 G - 2 scrolls of fear {unknown}
 O - 3 scrolls of enchant weapon
 P - 2 scrolls of identify {@r1}
 Q - a scroll of magic mapping {!r}
Potions
 f - a potion of haste {unknown}
 i - 2 potions of resistance
 k - 2 potions of heal wounds {@q2}
 t - 4 potions of mutation {!q}
 z - 2 potions of lignification {!q}
 B - 2 potions of degeneration {!q@e2}
 E - 3 potions of flight {unknown}
 K - 2 potions of cancellation
 R - 5 potions of curing {unknown}
 T - a potion of might {unknown}

Dungeon Overview and Level Annotations

Branches:
Dungeon (8/15)             Temple (1/1) D:7            Lair (0/6) D:8

Altars:
Ashenzari
Dithmenos
Elyvilon
Fedhas
Gozag
Kikubaaqudgha
Makhleb
Nemelex Xobeh
Okawaru
Qazlal
Sif Muna
Trog
Uskayaw
Vehumet
Wu Jian
Xom
Yredelemnul
Zin
The Shining One
Lugonu

Shops:
D:4 *

Portals:
Abyss: D:4 D:5

Annotations:
D:1 d2 ogre
D:2 1 runed translucent door, Crazy Yiuf
D:5 2 transporters, ZombieSheep's ghost, amateur GnWn
D:8 Erica; Harold

#.........####.## #.#
...##...#...#...## #.#
###..##...#......## #.# #
#....##.......#.## #.# #
#.##...##.#....#.########.#
#
#........#....#...........#
#
#...##....#.#..############
# #.........#....#
###..........#.#@#
..........#..#...#
#.........#...#..##
#.#.........#.#...#
..#.........#.{#..#
#####..........#..#
#...............# ####
#.####.####....## #.># ...
...# #.....# #.##


There were no monsters in sight!


Message History

You bite the spriggan hatter, but do no damage.
The spriggan hatter misses you.
You miss the spriggan hatter.
The spriggan hatter hits you with a +0 dagger!
You hit the spriggan hatter.
The spriggan hatter looks as sick as possible!
You hit the spriggan hatter.
The spriggan hatter looks as sick as possible!
You kill the spriggan hatter!
Things that are here:
a +0 dagger {short}; a +0 robe; a spriggan corpse You close the door.
You see here the +0 hat of the Griffon {Str+5}.
You see here a +2 hat.
You see here the +0 hat of the Griffon {Str+5}.
u - the +0 hat of the Griffon {Str+5} You start removing your armour.
You continue taking off your +0 helmet. x4
You finish taking off your +0 helmet.
You start putting on your armour.
You continue putting on the +0 hat of the Griffon {Str+5}. x5
You finish putting on the +0 hat of the Griffon {Str+5}.
You feel stronger.
Unknown command.
You start resting.
Things that are here:
a +0 dagger {short}; a +0 robe; a spriggan corpse You open the door.
There is an open door, spattered with blood here.
Unknown command.
Found a stone staircase leading down.
Unknown command.
There is a stone staircase leading down here.
You see here a scroll of teleportation {@r4}.
There is a stone staircase leading up here.
You open the door.
There is an open door here.
You see here 16 gold pieces.
There is an open door here.
You see here a +0 robe.
There is an open door here.
Partly explored, can't reach some places.
Autopickup is now on.
Unknown command.
Erica is nearby!
Danger!
Danger!
Aiming: Paralyse
Press: ? - help, Shift-Dir - straight line, f - Erica
Aim: Erica, wielding a +1 scimitar of flaming, wearing a +0 robe and carrying a wand of iceblast (7) (wandering, hasn't noticed you, chance to affect: 27%)
Okay, then.
Aiming: Polymorph
Press: ? - help, Shift-Dir - straight line, f - Erica
Aim: Erica, wielding a +1 scimitar of flaming, wearing a +0 robe and carrying a wand of iceblast (7) (wandering, hasn't noticed you, will become a floating eye, a glowing orange brain, or a mana viper, chance to affect: 27%)
Okay, then.
Aiming: Charm
Press: ? - help, Shift-Dir - straight line, f - Erica
Aim: Erica, wielding a +1 scimitar of flaming, wearing a +0 robe and carrying a wand of iceblast (7) (wandering, hasn't noticed you, chance to affect: 27%)
Okay, then.
Unknown command.
Aiming: Paralyse
Press: ? - help, Shift-Dir - straight line, f - Erica
Aim: Erica, wielding a +1 scimitar of flaming, wearing a +0 robe and carrying a wand of iceblast (7) (wandering, hasn't noticed you, chance to affect: 27%) Erica shouts!
Erica easily resists.
Erica screams, "I'll never tell where it is!"
Erica points at you and mumbles some strange words.
You are confused.
Erica mumbles some strange words.
Erica flickers and vanishes!
Deactivating autopickup; reactivate with Ctrl-A.
Danger!
You hear some strange, mumbled words.
Something tries to affect you, but you resist.
Unknown command.
You hit something but do no damage. Your punch misses something.
You hear some strange, mumbled words.
A bolt of poison appears from out of thin air!
The bolt of poison hits you!!
You are poisoned.
You feel less confused.
You feel very sick.
Unknown command.
You feel very sick.
You hear a zap.
An iceblast appears from out of thin air!
The mass of ice explodes!
The iceblast engulfs you! You partially resist.
* * * LOW HITPOINT WARNING * * *
You hear a shout!
Danger!
You feel sick.
You feel sick.
You hear a zap.
An iceblast appears from out of thin air!
The mass of ice explodes!
The iceblast engulfs you!! You partially resist.
* * * LOW HITPOINT WARNING * * *
Danger!
You feel sick.
You hear a zap.
An iceblast appears from out of thin air!
The mass of ice explodes!
The iceblast engulfs you! You partially resist.
You die...

Skill      XL: |  1  2  3  4  5  6  7  8  9 10 |
---------------+-------------------------------+-----
Spellcasting   | 5 6 7 |  7.2
Invocations    | 1 2 3 4 5 |  5.6
Short Blades   | 1 2 3 4 5 |  5.1
Long Blades    | 1 2 3 4 5 |  5.1
Axes           | 1 2 3 4 5 |  5.1
Maces & Flails | 1 2 3 4 5 |  5.1
Staves         | 1 2 3 4 5 |  5.1
Slings         | 1 2 3 4 5 |  5.1
Bows           | 1 2 3 4 5 |  5.1
Crossbows      | 1 2 3 4 5 |  5.1
Stealth        | 1 2 3 4 5 |  5.1
Shields        | 1 2 3 4 5 |  5.1
Unarmed Combat | 1 2 3 4 5 |  5.1
Evocations     | 1 2 3 4 5 |  5.1
Conjurations   | 1 2 3 4 |  4.2
Hexes          | 1 2 3 4 |  4.2
Summonings     | 1 2 3 4 |  4.2
Necromancy     | 1 2 3 4 |  4.2
Transmutations | 1 2 3 4 |  4.2
Fire Magic     | 1 2 3 4 |  4.2
Ice Magic      | 1 2 3 4 |  4.2
Air Magic      | 1 2 3 4 |  4.2
Earth Magic    | 1 2 3 4 |  4.2
Poison Magic   | 1 2 3 4 |  4.2
Throwing       | 3 4 5 |  5.8
Armour         | 3 4 5 |  5.8
Fighting       | 5 6 |  6.9
Polearms       | 5 6 |  6.9
Dodging        | 5 6 |  6.9
Translocations | 6 7 |  7.0

Action                   |  1- 3 |  4- 6 |  7- 9 | 10-12 || total
-------------------------+-------+-------+-------+-------++-------
Melee: Spear             |   122 |    42 |       |       ||   164
       Bite              |     9 |     6 |    36 |     7 ||    58
       Whip              |       |    84 |   342 |    85 ||   511
       Morningstar       |       |    11 |       |       ||    11
       Punch             |       |     1 |     1 |       ||     2
 Fire: Hunting sling     |    18 |    73 |   147 |       ||   238
Throw: Dart              |       |       |     1 |       ||     1
Evoke: Wand              |       |       |     4 |     1 ||     5
  Use: Potion            |       |     1 |       |       ||     1
       Scroll            |       |       |    16 |       ||    16
 Stab: Paralysed         |       |       |    12 |       ||    12
       Sleeping          |       |       |     1 |     1 ||     2
Armor: Leather armour    |    30 |    24 |    88 |    25 ||   167
Dodge: Dodged            |    75 |    73 |   206 |    70 ||   424
Block: Other             |       |       |    19 |       ||    19
       Reflection        |       |       |     1 |       ||     1

Levels and vault maps discovered:
D:1:      dpeg_arrival_rooms_with_view, layout_basic, minmay_misc_feat_pillars,
          minmay_circled_x
D:2:      layout_loops_corners, hellmonk_ecumenical_altar_crossroads,
          basic_altar, minmay_tetromino_l2, uniq_crazy_yiuf_cottage,
          uniq_natasha
D:3:      cheibrodos_thug_alley, layout_basic, vehumet_altar_wand_db,
          nzn_wu_jian_contemplation
D:4:      layout_loops_corners, nicolae_ashenzari_panopticon, serial_shops,
          shop, amcnicky_altar_lugonu_corruption
D:5:      layout_basic, gammafunk_ghost_abyssal_escape
D:6:      layout_cave_pools, old_standard_altar, uniq_duvessa
D:7:      layout_rooms, temple_hall, dk_vineyard_3
D:8:      layout_loops_corners, kennysheep_mini_moat,
          nicolae_overflow_hidden_temple, bloody_makhleb, lair_entry_dummy,
          grunt_ministairs_6, hangedman_decor_peaks_small, the_hattery,
          uniq_harold, uniq_maurice, uniq_erica, uniq_grum
Temple:   kb_temple_of_zot

Notes
Turn   | Place    | Note
-------+----------+-------------------------------------------
     0 | D:1      | Sobieck the Gnoll Warper began the quest for the Orb.
     0 | D:1      | Reached XP level 1. HP: 20/20 MP: 6/6
   232 | D:1      | Reached XP level 2. HP: 23/26 MP: 7/7
   500 | D:1      | Reached XP level 3. HP: 31/31 MP: 9/9
   566 | D:1      | Reached skill level 5 in Spellcasting
   572 | D:1      | You pick up a book of Minor Magic and begin reading...
   572 | D:1      | You add the spells Magic Dart, Call Imp and Mephitic Cloud
                  | to your library.
  1438 | D:2      | Reached skill level 1 in Invocations
  1567 | D:2      | Reached skill level 1 in Short Blades
  1567 | D:2      | Reached skill level 1 in Long Blades
  1567 | D:2      | Reached skill level 1 in Axes
  1567 | D:2      | Reached skill level 1 in Maces & Flails
  1567 | D:2      | Reached skill level 1 in Staves
  1567 | D:2      | Reached skill level 1 in Slings
  1567 | D:2      | Reached skill level 1 in Bows
  1567 | D:2      | Reached skill level 1 in Crossbows
  1567 | D:2      | Reached skill level 1 in Stealth
  1567 | D:2      | Reached skill level 1 in Shields
  1567 | D:2      | Reached skill level 1 in Unarmed Combat
  1567 | D:2      | Reached skill level 1 in Evocations
  1682 | D:2      | Learned a level 2 spell: Blink
  1686 | D:2      | Learned a level 3 spell: Teleport Other
  1707 | D:2      | Reached XP level 4. HP: 38/38 MP: 11/11
  1760 | D:2      | Found a faded altar of an unknown god.
  1868 | D:2      | Noticed an ogre
  1871 | D:2      | Noticed Natasha
  1893 | D:2      | HP: 7/38 [white imp/puff of frost[Natasha] (10)]
  1898 | D:2      | HP: 7/38 [Natasha (6)]
  1910 | D:2      | Killed Natasha
  1911 | D:2      | Reached skill level 1 in Conjurations
  1911 | D:2      | Reached skill level 1 in Hexes
  1911 | D:2      | Reached skill level 1 in Summonings
  1911 | D:2      | Reached skill level 1 in Necromancy
  1911 | D:2      | Reached skill level 1 in Transmutations
  1911 | D:2      | Reached skill level 1 in Fire Magic
  1911 | D:2      | Reached skill level 1 in Ice Magic
  1911 | D:2      | Reached skill level 1 in Air Magic
  1911 | D:2      | Reached skill level 1 in Earth Magic
  1911 | D:2      | Reached skill level 1 in Poison Magic
  1946 | D:2      | HP: 6/38 [ogre (16)]
  2002 | D:2      | Noticed Natasha
  2016 | D:2      | Killed Natasha
  2017 | D:2      | Reached XP level 5. HP: 23/43 MP: 12/12
  2253 | D:2      | Noticed Natasha
  2258 | D:2      | Killed Natasha
  2259 | D:2      | Reached skill level 3 in Throwing
  2259 | D:2      | Reached skill level 3 in Armour
  2305 | D:2      | HP: 6/43 [ogre (16)]
  2312 | D:2      | Killed an ogre
  2313 | D:2      | Reached skill level 2 in Invocations
  2313 | D:2      | Reached XP level 6. HP: 16/50 MP: 13/13
  2478 | D:2      | Found a basalt altar of Yredelemnul.
  2741 | D:2      | Found a runed translucent door.
  2742 | D:2      | Noticed Crazy Yiuf
  2794 | D:3      | Found an ornate altar of the Wu Jian Council.
  2853 | D:3      | Found a radiant altar of Vehumet.
  3119 | D:3      | Reached skill level 5 in Fighting
  3119 | D:3      | Reached skill level 2 in Short Blades
  3119 | D:3      | Reached skill level 2 in Long Blades
  3119 | D:3      | Reached skill level 2 in Axes
  3119 | D:3      | Reached skill level 2 in Maces & Flails
  3119 | D:3      | Reached skill level 5 in Polearms
  3119 | D:3      | Reached skill level 2 in Staves
  3119 | D:3      | Reached skill level 2 in Slings
  3119 | D:3      | Reached skill level 2 in Bows
  3119 | D:3      | Reached skill level 2 in Crossbows
  3119 | D:3      | Reached skill level 5 in Dodging
  3119 | D:3      | Reached skill level 2 in Stealth
  3119 | D:3      | Reached skill level 2 in Shields
  3119 | D:3      | Reached skill level 2 in Unarmed Combat
  3119 | D:3      | Reached skill level 2 in Evocations
  3364 | D:3      | Reached XP level 7. HP: 49/53 MP: 15/15
  3794 | D:4      | Reached skill level 2 in Conjurations
  3794 | D:4      | Reached skill level 2 in Hexes
  3794 | D:4      | Reached skill level 2 in Summonings
  3794 | D:4      | Reached skill level 2 in Necromancy
  3794 | D:4      | Reached skill level 2 in Transmutations
  3794 | D:4      | Reached skill level 2 in Fire Magic
  3794 | D:4      | Reached skill level 2 in Ice Magic
  3794 | D:4      | Reached skill level 2 in Air Magic
  3794 | D:4      | Reached skill level 2 in Earth Magic
  3794 | D:4      | Reached skill level 2 in Poison Magic
  4118 | D:4      | Learned a level 5 spell: Manifold Assault
  4122 | D:4      | Learned a level 3 spell: Gell's Gravitas
  4126 | D:4      | Learned a level 3 spell: Lesser Beckoning
  4130 | D:4      | Found Osuile's General Store.
  4268 | D:4      | Found a one-way gate to the infinite horrors of the Abyss.
  4292 | D:4      | Found a corrupted altar of Lugonu.
  4352 | D:4      | Found a broken altar of Ashenzari.
  4496 | D:4      | Reached skill level 3 in Invocations
  4769 | D:5      | Entered Level 5 of the Dungeon
  4816 | D:5      | Found a transporter.
  4817 | D:5      | Noticed ZombieSheep's ghost (amateur GnWn)
  4841 | D:5      | Found a transporter.
  4869 | D:5      | You pick up a book of Changes and begin reading...
  4869 | D:5      | You add the spells Beastly Appendage, Wereblood and Spider
                  | Form to your library.
  4916 | D:5      | Reached skill level 6 in Translocations
  4916 | D:5      | Reached XP level 8. HP: 41/63 MP: 16/16
  5094 | D:5      | Reached skill level 3 in Short Blades
  5094 | D:5      | Reached skill level 3 in Long Blades
  5094 | D:5      | Reached skill level 3 in Axes
  5094 | D:5      | Reached skill level 3 in Maces & Flails
  5094 | D:5      | Reached skill level 3 in Staves
  5094 | D:5      | Reached skill level 3 in Slings
  5094 | D:5      | Reached skill level 3 in Bows
  5094 | D:5      | Reached skill level 3 in Crossbows
  5094 | D:5      | Reached skill level 4 in Throwing
  5094 | D:5      | Reached skill level 4 in Armour
  5094 | D:5      | Reached skill level 3 in Stealth
  5094 | D:5      | Reached skill level 3 in Shields
  5094 | D:5      | Reached skill level 3 in Unarmed Combat
  5094 | D:5      | Reached skill level 3 in Evocations
  5108 | D:5      | Identified the +2 plate armour of Xom's Hope {rElec rC+}
  5233 | D:5      | Reached skill level 6 in Spellcasting
  5762 | D:6      | Noticed Dowan
  5812 | D:6      | Noticed Duvessa
  5864 | D:6      | Killed Duvessa
  5885 | D:6      | Killed Dowan
  5915 | D:6      | Reached skill level 3 in Conjurations
  5915 | D:6      | Reached skill level 3 in Hexes
  5915 | D:6      | Reached skill level 3 in Summonings
  5915 | D:6      | Reached skill level 3 in Necromancy
  5915 | D:6      | Reached skill level 3 in Transmutations
  5915 | D:6      | Reached skill level 3 in Fire Magic
  5915 | D:6      | Reached skill level 3 in Ice Magic
  5915 | D:6      | Reached skill level 3 in Air Magic
  5915 | D:6      | Reached skill level 3 in Earth Magic
  5915 | D:6      | Reached skill level 3 in Poison Magic
  5915 | D:6      | Reached skill level 4 in Invocations
  5991 | D:6      | Found a shimmering blue altar of Sif Muna.
  6098 | D:6      | Reached skill level 6 in Fighting
  6098 | D:6      | Reached skill level 6 in Polearms
  6098 | D:6      | Reached skill level 6 in Dodging
  6098 | D:6      | Reached XP level 9. HP: 40/69 MP: 18/18
  6580 | D:7      | Identified a scroll of acquirement
  6584 | D:7      | Acquired the amulet "Latoimem" {Reflect Int+3 SH+5}
  6953 | D:6      | Reached skill level 4 in Short Blades
  6953 | D:6      | Reached skill level 4 in Long Blades
  6953 | D:6      | Reached skill level 4 in Axes
  6953 | D:6      | Reached skill level 4 in Maces & Flails
  6953 | D:6      | Reached skill level 4 in Staves
  6953 | D:6      | Reached skill level 4 in Slings
  6953 | D:6      | Reached skill level 4 in Bows
  6953 | D:6      | Reached skill level 4 in Crossbows
  6953 | D:6      | Reached skill level 4 in Stealth
  6953 | D:6      | Reached skill level 4 in Shields
  6953 | D:6      | Reached skill level 4 in Unarmed Combat
  6953 | D:6      | Reached skill level 4 in Evocations
  7224 | D:7      | HP: 15/69 [bullfrog (5)]
  7774 | D:7      | Reached skill level 5 in Throwing
  7774 | D:7      | Reached skill level 5 in Armour
  7820 | D:7      | Found a staircase to the Ecumenical Temple.
  7834 | Temple   | Entered the Ecumenical Temple
  8759 | D:8      | Noticed a hornet
  8769 | D:8      | Killed a hornet
  8810 | D:8      | Found a bloodstained altar of Trog.
  8922 | D:8      | Noticed Maurice
  8934 | D:8      | Killed Maurice
  8935 | D:8      | Reached skill level 5 in Invocations
  9126 | D:8      | Noticed Harold
  9157 | D:8      | Found a white marble altar of Elyvilon.
  9159 | D:8      | Found a shadowy altar of Dithmenos.
  9186 | D:8      | Found a staircase to the Lair.
  9224 | D:8      | Reached skill level 7 in Spellcasting
  9306 | D:8      | Reached XP level 10. HP: 77/77 MP: 20/20
  9339 | D:8      | Reached skill level 4 in Conjurations
  9339 | D:8      | Reached skill level 4 in Hexes
  9339 | D:8      | Reached skill level 4 in Summonings
  9339 | D:8      | Reached skill level 4 in Necromancy
  9339 | D:8      | Reached skill level 4 in Transmutations
  9339 | D:8      | Reached skill level 4 in Fire Magic
  9339 | D:8      | Reached skill level 4 in Ice Magic
  9339 | D:8      | Reached skill level 4 in Air Magic
  9339 | D:8      | Reached skill level 4 in Earth Magic
  9339 | D:8      | Reached skill level 4 in Poison Magic
  9488 | D:8      | Noticed Grum
  9517 | D:8      | Noticed Erica
  9564 | D:8      | Reached skill level 5 in Short Blades
  9564 | D:8      | Reached skill level 5 in Long Blades
  9564 | D:8      | Reached skill level 5 in Axes
  9564 | D:8      | Reached skill level 5 in Maces & Flails
  9564 | D:8      | Reached skill level 5 in Staves
  9564 | D:8      | Reached skill level 5 in Slings
  9564 | D:8      | Reached skill level 5 in Bows
  9564 | D:8      | Reached skill level 5 in Crossbows
  9564 | D:8      | Reached skill level 5 in Stealth
  9564 | D:8      | Reached skill level 5 in Shields
  9564 | D:8      | Reached skill level 5 in Unarmed Combat
  9564 | D:8      | Reached skill level 5 in Evocations
  9642 | D:8      | Killed Grum
  9643 | D:8      | Reached skill level 7 in Translocations
  9706 | D:8      | Found a burning altar of Makhleb.
  9734 | D:8      | Found a shimmering altar of Xom.
  9754 | D:8      | Identified the +0 hat of the Griffon {Str+5}
  9978 | D:8      | HP: 15/77 [something/iceblast (19)]
  9979 | D:8      | Killed from afar by Erica

Vanquished Creatures
  Maurice (D:8)
  A hornet (D:8)
  A spriggan (D:8)
  Grum (D:8)
  A water moccasin (D:4)
  Duvessa (D:6)
  3 orc warriors
  A sky beast (D:8)
  2 black bears
  2 ice beasts
  A necrophage (D:5)
  2 ogres
  2 centaurs
  4 wolves (D:8)
  3 bullfrogs
  2 kobold brigands (D:3)
  A gnoll sergeant (D:8)
  3 scorpions
  Dowan (D:6)
  A howler monkey (D:6)
  2 bullfrog zombies
  A centaur zombie (D:8)
  5 orc priests
  3 bullfrog skeletons
  4 centaur skeletons
  An iguana (D:6)
  4 orc wizards
  Natasha (thrice) (D:2)
  5 gnolls (D:8)
  5 adders
  A shadow imp (D:7)
  A white imp (D:5)
  2 ufetubi
  An adder skeleton (D:4)
  A worm (D:8)
  2 dart slugs (D:1)
  24 orcs
  7 endoplasms
  3 giant cockroaches
  7 goblins
  10 hobgoblins
  11 jackals
  16 kobolds
  4 quokkas
  12 ball pythons
  9 bats
  A frilled lizard (D:1)
  5 rats
  2 lurking horrors (D:4)
186 creatures vanquished.

Table legend:
 A = Non-vault XP
 B = Vault XP
 C = Vault XP percentage of total XP
 D = Non-vault monster count
 E = Vault monster count
 F = Vault count percentage of total count
                 A         B        C        D         E       F
            +---------+---------+-------+---------+---------+-------
      Total |    3872 |    2007 |  34.1 |     153 |      31 |  16.8
            +---------+---------+-------+---------+---------+-------
        D:1 |      38 |      10 |  20.8 |      20 |       6 |  23.1
        D:2 |     290 |      36 |  11.0 |      25 |       2 |   7.4
        D:3 |      70 |     211 |  75.1 |      18 |      12 |  40.0
        D:4 |     433 |       0 |   0.0 |      23 |       0 |   0.0
        D:5 |     665 |       0 |   0.0 |       9 |       0 |   0.0
        D:6 |     682 |     223 |  24.6 |      16 |       2 |  11.1
        D:7 |     588 |       0 |   0.0 |      18 |       0 |   0.0
        D:8 |    1106 |    1527 |  58.0 |      24 |       9 |  27.3
            +---------+---------+-------+---------+---------+-------

Illustrated notes

Table legend:
 A = Kills in this place as a percentage of kills in entire the game.
 B = Kills by you in this place as a percentage of kills by you in the entire game.
 C = Kills by friends in this place as a percentage of kills by friends in the entire game.
 D = Other kills in this place as a percentage of other kills in the entire game.
 E = Experience gained in this place as a percentage of experience gained in the entire game.
 F = Experience gained in this place divided by the number of levels of this place that you have seen.
                   A       B       C       D       E      F
               +-------+-------+-------+-------+-------+----------------------
         Total | 100.0 | 100.0 |   N/A |   N/A | 100.0 | 653.2
       Dungeon | 100.0 | 100.0 |   N/A |   N/A | 100.0 | 734.9
               +-------+-------+-------+-------+-------+----------------------

Table legend: (Time is in decaauts)
 A = Elapsed time spent in this place.
 B = Non-inter-level travel time spent in this place.
 C = Inter-level travel time spent in this place.
 D = Time resting spent in this place.
 E = Time spent auto-exploring this place.
 F = Levels seen in this place.
 G = Mean time per level.
                   A        B        C        D        E       F      G
               +--------+--------+--------+--------+--------+-----+--------+
         Total |   9896 |   9455 |    441 |   1437 |   5673 |   9 | 1099.6 |
       Dungeon |   9773 |   9353 |    420 |   1437 |   5572 |   8 | 1221.6 |
        Temple |    122 |    101 |     21 |      0 |    101 |   1 |  122.0 |
               +--------+--------+--------+--------+--------+-----+--------+

Top non-repeatable levels by time:
     D:8: 1599 daAuts
     D:2: 1420 daAuts
     D:7: 1420 daAuts
     D:1: 1351 daAuts
     D:4: 1159 daAuts
     D:6: 1007 daAuts
     D:5: 1003 daAuts
     D:3: 811 daAuts
  Temple: 122 daAuts
